 Dungeon Crawl Stone Soup version 0.32-a0-931-g5a2cda0630 (webtiles) character file.

Game seed: 16051730245692219581

42 Meejax the Ducker (level 3, -1/27 HPs)
             Began as a Demonspawn Gladiator on Apr 14, 2024.
             Was an Initiate of Beogh.
             Slain by a jackal (2 damage)
             ... on level 4 of the Dungeon.
             The game lasted 00:03:33 (914 turns).

Meejax the Ducker (Demonspawn Gladiator)             Turns: 914, Time: 00:03:34

Health: -1/27      AC:  3    Str: 16    XL:     3   Next: 35%
Magic:  3/3        EV: 11    Int:  8    God:    Beogh [......]
Gold:   92         SH:  0    Dex: 14    Spells: 2/2 levels left

rFire   + . .        l - +0 whip
rCold   + . .        (no shield)
rNeg    . . .        b - +0 leather armour
rPois   +            (helmet restricted)
rElec   +            (no cloak)
rCorr   +            (no gloves)
SInv    .            (no boots)
Will    .....        (no amulet)
Stlth   +            (no ring)
HPRegen 0.24/turn    (no ring)
MPRegen 0.08/turn

%: no passive effects
@: brilliant, resistant
A: horns 1
a: Renounce Religion


You were on level 4 of the Dungeon.
You worshipped Beogh.
Beogh was noncommittal.
You visited 1 branch of the dungeon, and saw 3 of its levels.

You collected 92 gold pieces.

Inventory:

Hand Weapons
 a - a +0 flail
 l - a +0 whip (weapon)
Missiles
 e - a javelin
Armour
 b - a +0 leather armour (worn)
 c - a +0 helmet
Talismans
 g - a blade talisman
Wands
 n - a wand of acid (12)
Scrolls
 i - a scroll of amnesia


   Skills:
 + Level 2.2 Fighting
 + Level 3.1 Maces & Flails
 + Level 1.9 Throwing
 + Level 1.2 Armour
 + Level 3.1 Dodging


You had 2 spell levels left.
You didn't know any spells.
Your spell library was empty.

Dungeon Overview and Level Annotations

Branches:
Dungeon (2/15)

Altars:
Xom

Annotations:
D:4 Edmund


Innate Abilities, Weirdness & Mutations

You have a pair of small horns on your head.


Message History

Edmund is heavily wounded.
The jackal barely misses you.
Edmund hits you with a +5 flail of holy wrath!
You convulse.
* * * LOW HITPOINT WARNING * * *
You hit Edmund.
Edmund is heavily wounded.
The jackal barely misses you.
Edmund hits you with a +5 flail of holy wrath.
* * * LOW HITPOINT WARNING * * *
You convulse.
* * * LOW HITPOINT WARNING * * *
You feel better. The jackal completely misses you.
The jackal bites you but does no damage.
Edmund says, "I might not be good at magic, but I can still kill you!"
Edmund hits you with a +5 flail of holy wrath!
* * * LOW HITPOINT WARNING * * *
You convulse.
* * * LOW HITPOINT WARNING * * *
There are no items here.
Throw: 2 throwing nets
Press: ? - help, Q - select action, (/) - cycle Shift-Dir - straight line, f/p - Edmund
Aim: Edmund, wielding a +5 flail of holy wrath and wearing a +0 leather armour (heavily wounded, 56% to hit)
You throw a throwing net.
The throwing net completely misses Edmund.
The jackal bites you.
* * * LOW HITPOINT WARNING * * *
Throw: throwing net
Press: ? - help, Q - select action, (/) - cycle Shift-Dir - straight line, f/p - Edmund
Aim: Edmund, wielding a +5 flail of holy wrath and wearing a +0 leather armour (heavily wounded, 56% to hit)
You throw a throwing net. The throwing net hits Edmund.
Edmund is caught in the net!
Edmund is heavily wounded.
Edmund struggles against the net.
The jackal completely misses you.
You hit Edmund.
Edmund is heavily wounded.
The jackal closely misses you.
Edmund whines, "My parents never had time for me!"
Edmund struggles against the net.
The jackal bites you.
You die...

#...........#.......
#.♣.♣...........#...
#♣P.P♣........##....
♣.PP♣..#.....#... .
♣P.P♣........>....
.P. ♣...#oo##...
♣..##hh# ##.
#####h## #@# #@.#
..... .#......
.#.......$. ..
....$.... #.
#(.##.... # ####
.##.


You could see Edmund (caught), 2 orcs and 3 jackals.

Vanquished Creatures
  An adder (D:4)
  5 endoplasms
  3 goblins
  3 hobgoblins (D:1)
  A quokka (D:1)
  8 ball pythons
  4 bats
  5 kobolds
  3 rats (D:1)
33 creatures vanquished.

Notes
Turn   | Place    | Note
-------+----------+-------------------------------------------
     0 | D:1      | Meejax the Demonspawn Gladiator began the quest for the
                  | Orb.
     0 | D:1      | Reached XP level 1. HP: 16/16 MP: 1/1
   142 | D:1      | Discovered your monstrous ancestry.
   142 | D:1      | Gained mutation: You have a pair of small horns on your
                  | head. [demonic ancestry]
   142 | D:1      | Reached XP level 2. HP: 22/22 MP: 2/2
   358 | D:1      | Found a faded altar of an unknown god.
   667 | D:2      | Reached XP level 3. HP: 25/27 MP: 3/3
   790 | D:2      | You fall into a shaft and drop 2 floors!
   790 | D:4      | Found a shimmering altar of Xom.
   811 | D:4      | Reached skill level 1 in Armour
   897 | D:4      | Noticed Edmund
   903 | D:4      | Became a worshipper of Beogh the Shepherd
   911 | D:4      | HP: 1/27 [Edmund/+5 flail of holy wrath (4)]
   914 | D:4      | Slain by a jackal

Illustrated notes

Levels and vault maps discovered:
D:1:      minmay_arrival_radiant_lines, layout_rooms, serial_glass,
          glass_columns_b, glass_columns_b,
          chequers_ecumenical_altar_simple_redux
D:2:      layout_loops_corners, dk_noncrumbling_2, uniq_sigmund
D:4:      layout_rooms, lemuel_tele_altar, mainiacjoe_overflow_alcove_2,
          serial_forest, infiniplex_forest_clump_double,
          infiniplex_forest_end_3, infiniplex_forest_fountain,
          infiniplex_forest_zigzag_1, uniq_ijyb, uniq_edmund

Skill      XL: |  1  2  3 |
---------------+----------+-----
Dodging        | 3 |  3.1
Maces & Flails | 3 |  3.1
Armour         | 1 |  1.2
Fighting       | |  2.2
Throwing       | |  1.9

Action                     || total
---------------------------++-------
  Melee: Flail             ||    68
         Whip              ||    41
         Headbutt          ||    11
  Throw: Throwing net      ||     3
 Invoke: Convert to Beogh  ||     1
    Use: Scroll            ||     3
         Potion            ||     3
   Stab: Held in net/web   ||     1
 Armour: Leather armour    ||   109
  Dodge: Dodged            ||   101

Table legend: (Time is in decaauts)
 A = Elapsed time spent in this place.
 B = Non-inter-level travel time spent in this place.
 C = Inter-level travel time spent in this place.
 D = Time resting spent in this place.
 E = Time spent auto-exploring this place.
 F = Levels seen in this place.
 G = Mean time per level.
                   A        B        C        D        E       F      G
               +--------+--------+--------+--------+--------+-----+--------+
         Total |    927 |    917 |     10 |     47 |    534 |   3 |  309.0 |
       Dungeon |    927 |    917 |     10 |     47 |    534 |   3 |  309.0 |
               +--------+--------+--------+--------+--------+-----+--------+

Top non-repeatable levels by time:
     D:1: 465 daAuts
     D:2: 339 daAuts
     D:4: 122 daAuts
